 Dungeon Crawl Stone Soup version 0.20.0-15-g7f486f2 (webtiles) character file.

64286 4thArraOfDagon the Executioner (level 15, 0/132 HPs)
             Began as a Hill Orc Fighter on June 10, 2017.
             Was a High Priest of Okawaru.
             Slain by an ice beast (6 damage)
             ... summoned by a deep elf mage
             ... on level 1 of the Elven Halls.
             The game lasted 00:43:54 (9586 turns).

4thArraOfDagon the Executioner (Hill Orc Fighter)   Turns: 9586, Time: 00:43:55

Health: 0/132      AC: 30    Str: 22    XL:     15   Next: 12%
Magic:  24/24      EV: 13    Int: 12    God:    Okawaru [*****.]
Gold:   363        SH:  0    Dex: 10    Spells: 6/14 levels left

rFire    . . .     SeeInvis +   M - +5 battleaxe (freeze)
rCold    . . .     Gourm    .   (shield currently unavailable)
rNeg     . . .     Faith    .   b - +10 chain mail of Yggogot {SInv}
rPois    +         Spirit   .   N - +2 hat
rElec    .         Reflect  .   a - +1 cloak {rPois}
rCorr    .         Harm     .   (no gloves)
MR       ++...                  K - +0 pair of boots
Stlth    ..........             (no amulet)
Regen    0.4/turn               U - ring of loudness
MPRegen  0.2/turn               e - ring of protection from magic

@: heroism
A: claws 1, no potion heal 1
a: Heroism, Finesse, Renounce Religion


You were on level 1 of the Elven Halls.
You worshipped Okawaru.
Okawaru was extremely pleased with you.
You were not hungry.

You visited 4 branches of the dungeon, and saw 19 of its levels.

You collected 1696 gold pieces.
You spent 1333 gold pieces at shops.

Inventory:

Hand Weapons
 M - a +5 battleaxe of freezing (weapon)
 R - a +2 battleaxe of electrocution
Armour
 a - a +1 cloak of poison resistance (worn)
 b - the +10 chain mail of Yggogot (worn) {SInv}
   (You bought it in a shop on level 2 of the Orcish Mines)

   It lets you see invisible.
 n - the +1 scale mail of Pleasant Breezes {*Corrode rC+ Stlth+}
   (Okawaru gifted it to you on level 2 of the Orcish Mines)

   It protects you from cold.
   It may corrode you when you take damage.
   It makes you more stealthy.
 y - a +1 plate armour of fire resistance
 D - a +0 cloak
 E - a +0 troll leather armour
 K - a +0 pair of boots (worn)
 N - a +2 hat (worn)
 P - the +2 ring mail "Usor" {rC+}
   (You found it on level 13 of the Dungeon)

   It protects you from cold.
 W - the +0 ring mail of the Saviour {+Inv +Fly rF+ rCorr}
   (Okawaru gifted it to you on level 15 of the Dungeon)

   It protects you from fire.
   It lets you turn invisible.
   It lets you fly.
   It protects you from acid and corrosion.
Magical Staves
 x - an uncursed staff of earth {unknown}
Jewellery
 e - a ring of protection from magic (right claw)
 g - a +1 ring of protection
 B - a cursed -2 ring of strength {unknown}
 G - an uncursed ring of ice
 L - an uncursed ring of ice
 T - an uncursed amulet of harm
 U - a ring of loudness (left claw)
Wands
 i - a wand of digging (3/24)
 j - a wand of polymorph (0/24)
 k - a wand of scattershot (0/9)
 p - a wand of lightning (0/15)
 H - a wand of flame (17/48)
 J - a wand of disintegration (3/24)
 S - a wand of disintegration (19/24)
 V - a wand of iceblast (10/15)
 Z - a wand of enslavement (11/24)
Scrolls
 h - 2 scrolls of enchant weapon
 q - 6 scrolls of remove curse
 t - 5 scrolls of fog
 w - 3 scrolls of amnesia
 O - a scroll of magic mapping
 X - a scroll of enchant armour
Potions
 d - 4 potions of might
 l - a potion of berserk rage
 o - 3 potions of curing
 r - 2 potions of mutation
 v - 2 potions of brilliance
 A - 2 potions of degeneration
 C - a potion of agility
 I - 3 potions of flight
Comestibles
 c - a chunk of flesh
 f - 5 bread rations
 u - 7 meat rations
 F - 11 royal jellies


   Skills:
 + Level 12.0(17.0) Fighting
 * Level 22.0(27) Axes
 + Level 11.2(16.2) Armour
 - Level 6.5(11.5) Dodging
   Level 3.2(8.2) Shields
 + Level 12.4 Invocations


You had 6 spell levels left.
You knew the following spells:

 Your Spells              Type           Power        Failure   Level  Hunger
a - Apportation           Tloc           #.....       82%         1    ##.....
b - Passwall              Tmut/Erth      #.........   91%         2    ###....
c - Lee's Rapid Deconstr  Erth           #.........   100%        5    ######.


Dungeon Overview and Level Annotations

Branches:
Dungeon (15/15)            Temple (0/1) D:6            Lair (1/6) D:10
    Orc (2/2) D:9             Elf (1/3) Orc:2        Vaults (0/5) D:14
 Depths: D:15

Altars:
Ashenzari
Dithmenos
Okawaru
Uskayaw
Xom
Yredelemnul
Zin
Beogh

Shops:
D:7 *   D:9 !![(   D:11 !*[:   Orc:1 :   Orc:2 *[:(}

Annotations:
D:13 nikopol's ghost, adept HOFi


Innate Abilities, Weirdness & Mutations

You have sharp fingernails.
Potions are less effective at restoring your health.


Message History

You slash the deep elf mage! You freeze the deep elf mage.
The deep elf mage gestures wildly while chanting.
The fire elemental completely misses you.
Unknown command.
Unknown command.
You slice the deep elf mage!! You freeze the deep elf mage!
You kill the deep elf mage!
Okawaru accepts your kill.
The fire elemental disappears in a puff of smoke! x2
Your base Axes skill increases to level 22!
You hit the deep elf mage. You freeze the deep elf mage.
The deep elf mage gestures wildly while chanting.
The deep elf mage blinks!
Unknown command.
Unknown command.
Unknown command.
You closely miss the ice beast. The ice beast hits you.
* * * LOW HITPOINT WARNING * * *
The ice beast freezes you.
You die...

*,*
##.,*#.##..##,,,,,,,,,+**
*,*
#....#.#....#,*******+*,*
*,* #....#.#....#,* *,**,
**+*** #....#.#....#,#
*,***
,,,,,**##....#.#....#.#
*,* *
,,,,,**...............#
*,***
,,,,,,,.....8§).8.....#
*,**,
,,,,,,*......§..Y)....#
*,***
,,,,,,,*#....#§#@...###
*,* *
,,,,,,**#..,,#.#....# *,*
* ,,,,,,* #,,,,#.#....#
*,*** ,,,,,**
*,,,,#e#...$# *,**,
,,,,,* **,,*#<##..##
***+*+* **+***
*,,*###*..# **,,,,,* *,*
**,* *.## **,,,,,,, *,*
*** *## *,,,,,,,, *,*
*,,,,,,,,


You could see an ice beast.

Vanquished Creatures
  Rupert (D:14)
  4 orc warlords (Orc:2)
  Nessos (D:14)
  Azrael (D:14)
  Snorg (D:10)
  Fannar (D:12)
  A catoblepas (D:14)
  3 death knights (D:13)
  An ogre mage (Orc:2)
  A dancing weapon (Elf:1)
  9 two-headed ogres
  2 centaur warriors (D:14)
  Urug (D:14)
  2 orc high priests (Orc:2)
  Sonja (D:13)
  Nergalle (Orc:1)
  6 skeletal warriors
  3 unseen horrors
  7 orc knights
  A phantasmal warrior (D:11)
  Pikel (D:9)
  3 wolf spider zombies
  5 deep elf magi
  5 orc sorcerers (Orc:2)
  4 manticores
  6 ugly things
  3 cyclopes (D:12)
  4 centaur skeletons
  2 tormentors (D:13)
  A queen bee (D:14)
  11 trolls
  A hornet (D:12)
  5 hippogriffs
  A meliai zombie (D:14)
  2 water elementals (D:13)
  Sigmund (D:3)
  5 fire elementals
  A wyvern (D:9)
  3 wraiths
  3 yaks (D:14)
  13 humans (D:14)
  2 hungry ghosts
  2 vampire mosquitoes (D:15)
  5 wargs
  An acid dragon (D:15)
  4 hell hounds (D:14)
  A water moccasin (Lair:1)
  40 orc warriors
  An ice beast (D:8)
  A sky beast (D:13)
  2 necrophages
  A black bear (D:9)
  12 ogres
  A phantom (D:14)
  6 centaurs
  An eye of draining (D:13)
  A big kobold (D:9)
  6 bullfrogs
  A gnoll sergeant (D:10)
  A wyvern zombie (D:13)
  A wyvern skeleton (D:10)
  A scorpion (shapeshifter) (D:13)
  4 scorpions
  16 killer bees
  12 wights
  3 electric eels (D:13)
  7 howler monkeys
  4 crimson imps
  5 hounds
  A bullfrog zombie (D:13)
  16 orc priests
  21 orc wizards
  3 centaur zombies
  A jelly (D:10)
  3 iguanas
  6 worker ants
  Natasha (thrice) (D:3)
  A bullfrog skeleton (D:6)
  A killer bee zombie (D:5)
  A hound skeleton (D:10)
  2 adders
  4 gnolls (D:10)
  2 shadow imps
  A worm (D:3)
  4 leopard geckos
  77 orcs
  2 giant cockroaches
  13 hobgoblins
  3 jackals (D:3)
  2 quokkas
  4 bats
  4 frilled lizards
  2 goblins
  6 kobolds
  A spectral orc (D:3)
  A plant (D:10)
455 creatures vanquished.

Vanquished Creatures (others)
  2 slaves (D:9)
  A sky beast (D:9)
  A crimson imp (D:9)
  A jelly (D:14)
  A worker ant (D:9)
  An orc (D:9)
7 creatures vanquished.

Grand Total: 462 creatures vanquished

Notes
Turn   | Place    | Note
-------+----------+-------------------------------------------
     0 | D:1      | 4thArraOfDagon the Hill Orc Fighter began the quest for the Orb.
     0 | D:1      | Reached XP level 1. HP: 19/19 MP: 1/1
    10 | D:1      | Reached skill level 3 in Axes
    42 | D:1      | Reached XP level 2. HP: 17/27 MP: 2/2
   205 | D:2      | Found an iron altar of Okawaru.
   205 | D:2      | Found a shimmering altar of Xom.
   209 | D:2      | Became a worshipper of Warmaster Okawaru
   338 | D:3      | Noticed Natasha
   345 | D:3      | Killed Natasha
   345 | D:3      | Reached skill level 4 in Axes
   345 | D:3      | Reached skill level 1 in Invocations
   345 | D:3      | Reached XP level 3. HP: 18/33 MP: 3/3
   386 | D:3      | Noticed Natasha
   402 | D:3      | HP: 1/33 [shadow imp/nerve-wracking pain[Natasha] (5)]
   403 | D:3      | Killed Natasha
   403 | D:3      | Reached XP level 4. HP: 2/40 MP: 3/5
   696 | D:3      | Noticed Natasha
   697 | D:3      | Found a hide-covered altar of Uskayaw.
   705 | D:3      | Killed Natasha
   953 | D:3      | Found a basalt altar of Yredelemnul.
   980 | D:3      | Noticed Sigmund
   985 | D:3      | Killed Sigmund
   985 | D:3      | Reached * piety under Okawaru
   985 | D:3      | Reached skill level 5 in Axes
   985 | D:3      | Reached XP level 5. HP: 41/47 MP: 5/7
   985 | D:3      | Reached XP level 6. HP: 46/53 MP: 5/8
  1033 | D:3      | Found a shattered altar of Ashenzari.
  1412 | D:4      | Reached skill level 6 in Axes
  1438 | D:5      | Entered Level 5 of the Dungeon
  1461 | D:5      | Reached skill level 5 in Fighting
  1483 | D:5      | Noticed a phantom
  1679 | D:5      | Reached ** piety under Okawaru
  1679 | D:5      | Reached XP level 7. HP: 53/61 MP: 6/9
  1754 | D:5      | Noticed Ijyb
  1755 | D:5      | Noticed Ijyb
  1755 | D:5      | Ijyb changed into Ijyb the bullfrog
  1758 | D:5      | Killed Ijyb the bullfrog
  1758 | D:5      | Reached skill level 7 in Axes
  1758 | D:5      | Reached skill level 5 in Armour
  1780 | D:6      | Found a staircase to the Ecumenical Temple.
  1940 | D:6      | Reached XP level 8. HP: 46/70 MP: 11/11
  1944 | D:6      | Reached skill level 8 in Axes
  2332 | D:7      | Found Zin's Purification Station.
  2335 | D:7      | Found a glowing silver altar of Zin.
  2372 | D:8      | Reached skill level 5 in Invocations
  2385 | D:8      | Reached skill level 9 in Axes
  2637 | D:8      | Found a shadowy altar of Dithmenos.
  2758 | D:10     | Entered Level 10 of the Dungeon
  2806 | D:9      | Found Ihat's Distillery.
  2812 | D:9      | Bought a potion of heal wounds for 65 gold pieces
  2812 | D:9      | Bought a potion of lignification for 39 gold pieces
  2812 | D:9      | Bought a potion of heal wounds for 65 gold pieces
  2812 | D:9      | Bought a potion of curing for 39 gold pieces
  2812 | D:9      | Bought a potion of degeneration for 13 gold pieces
  2822 | D:9      | Found Xeqewk's Distillery.
  2898 | D:9      | Reached skill level 10 in Axes
  2913 | D:9      | Noticed a wyvern
  2937 | D:9      | Killed a wyvern
  2937 | D:9      | Reached *** piety under Okawaru
  2937 | D:9      | Reached skill level 11 in Axes
  2940 | D:9      | Reached XP level 9. HP: 49/75 MP: 13/13
  2950 | D:9      | Noticed a two-headed ogre
  2955 | D:9      | Killed a two-headed ogre
  2955 | D:9      | Reached skill level 12 in Axes
  2972 | D:9      | Noticed Pikel
  2989 | D:9      | Killed Pikel
  2989 | D:9      | Reached skill level 13 in Axes
  3033 | D:9      | Found Arona's Armour Boutique.
  3065 | D:9      | Found Fanunga's Antique Weapon Emporium.
  3238 | D:11     | Found Neneluto's Assorted Antiques.
  3250 | D:11     | Bought a green potion for 31 gold pieces
  3271 | D:11     | Killed an unseen horror
  3271 | D:11     | Reached **** piety under Okawaru
  3271 | D:11     | Reached skill level 14 in Axes
  3271 | D:11     | Reached XP level 10. HP: 47/83 MP: 14/14
  3428 | D:10     | Noticed a manticore
  3434 | D:10     | Killed a manticore
  3434 | D:10     | Reached skill level 15 in Axes
  3652 | D:10     | Reached skill level 16 in Axes
  3670 | D:10     | Found a staircase to the Lair.
  3685 | Lair:1   | Entered Level 1 of the Lair of Beasts
  3817 | D:10     | Killed an unseen horror
  3937 | D:11     | Found Zopunwu's Distillery.
  3947 | D:11     | Bought a potion of haste for 110 gold pieces
  3982 | D:11     | Reached skill level 17 in Axes
  4015 | D:11     | Noticed a phantasmal warrior
  4026 | D:11     | Killed a phantasmal warrior
  4026 | D:11     | Reached ***** piety under Okawaru
  4026 | D:11     | Reached skill level 1 in Dodging
  4045 | D:11     | Reached XP level 11. HP: 38/91 MP: 15/15
  4123 | D:11     | Found Qoromiod's Antique Armour Emporium.
  4184 | D:11     | Noticed a two-headed ogre
  4200 | D:11     | Killed a two-headed ogre
  4292 | D:11     | Found Vaumnis's Book Boutique.
  4389 | D:12     | Noticed a cyclops
  4396 | D:12     | Killed a cyclops
  4404 | D:12     | Noticed a cyclops
  4409 | D:12     | Killed a cyclops
  4492 | D:12     | Noticed a cyclops
  4503 | D:12     | Killed a cyclops
  4549 | D:12     | Noticed Fannar
  4558 | D:12     | Paralysed by a hornet for 1 turns
  4563 | D:12     | HP: 4/92 [hornet (7)]
  4695 | D:12     | Killed an unseen horror
  4794 | D:12     | Reached skill level 18 in Axes
  5030 | D:12     | Killed Fannar
  5030 | D:12     | Received a gift from Okawaru
  5146 | D:12     | Noticed a green ugly thing
  5157 | D:12     | Killed a green ugly thing
  5252 | D:13     | Reached XP level 12. HP: 50/101 MP: 17/17
  5320 | D:14     | Found a gate to the Vaults.
  5320 | D:14     | Noticed Rupert
  5320 | D:14     | Noticed Urug
  5320 | D:14     | Noticed Nessos
  5412 | D:13     | Noticed nikopol's ghost (adept HOFi)
  5666 | D:13     | Reached ****** piety under Okawaru
  5666 | D:13     | Received a gift from Okawaru
  5772 | D:13     | Noticed a death knight
  5878 | D:13     | Noticed Sonja
  5880 | D:13     | Noticed a death knight
  5886 | D:13     | Got a smoking ring mail
  6033 | D:13     | Identified the +2 ring mail "Usor" {rC+} (You found it on level 13 of the Dungeon)
  6055 | D:13     | Noticed a death knight
  6095 | D:13     | Killed a death knight
  6095 | D:13     | Reached skill level 19 in Axes
  6159 | D:13     | Noticed a two-headed ogre
  6167 | D:13     | Killed a two-headed ogre
  6495 | D:13     | Killed a death knight
  6514 | D:13     | Noticed a death knight
  6646 | D:13     | Killed a death knight
  6661 | D:13     | Killed Sonja
  6825 | D:14     | Noticed a catoblepas
  6831 | D:14     | Killed a catoblepas
  6831 | D:14     | Reached skill level 5 in Dodging
  6831 | D:14     | Reached XP level 13. HP: 53/111 MP: 17/20
  7020 | D:14     | Killed Nessos
  7055 | D:14     | Received a gift from Okawaru
  7192 | D:14     | Reached skill level 10 in Invocations
  7244 | D:14     | Reached skill level 20 in Axes
  7252 | D:14     | Gained mutation: Your mind is acute. (Int +2) [mutagenic meat]
  7253 | D:14     | Gained mutation: You have sharp fingernails. [mutagenic meat]
  7254 | D:14     | Gained mutation: Potions are less effective at restoring your health. [mutagenic meat]
  7255 | D:14     | Lost mutation: Your mind is acute. (Int +2) [mutagenic meat]
  7267 | D:15     | Entered Level 15 of the Dungeon
  7340 | D:15     | Received a gift from Okawaru
  7340 | D:15     | Reached skill level 10 in Fighting
  7348 | D:15     | Got an ancient ring mail {god gift}
  7363 | D:15     | Learned a level 1 spell: Apportation
  7460 | D:14     | Killed Urug
  7462 | D:14     | Killed Rupert
  7595 | D:14     | Noticed Azrael
  7603 | D:14     | Killed Azrael
  7609 | D:14     | Reached XP level 14. HP: 99/122 MP: 15/22
  7641 | D:14     | Learned a level 2 spell: Passwall
  7647 | D:14     | Learned a level 5 spell: Lee's Rapid Deconstruction
  7814 | D:10     | Noticed Snorg
  7822 | D:10     | Killed Snorg
  7940 | D:9      | Bought a +1 plate armour of fire resistance for 385 gold pieces
  8058 | D:9      | Bought a potion of might for 48 gold pieces
  8058 | D:9      | Bought a potion of might for 48 gold pieces
  8058 | D:9      | Bought a potion of heal wounds for 60 gold pieces
  8157 | D:9      | Found a staircase to the Orcish Mines.
  8166 | Orc:1    | Entered Level 1 of the Orcish Mines
  8166 | Orc:1    | Noticed Nergalle
  8179 | Orc:1    | Killed Nergalle
  8179 | Orc:1    | Reached skill level 10 in Armour
  8200 | Orc:1    | Found Voptegg's Book Shop.
  8381 | Orc:2    | Entered Level 2 of the Orcish Mines
  8502 | Orc:2    | Reached skill level 21 in Axes
  8513 | Orc:2    | Received a gift from Okawaru
  8514 | Orc:2    | Got a faintly humming scale mail {god gift}
  8695 | Orc:2    | Noticed an orc warlord
  8712 | Orc:2    | Killed an orc warlord
  8957 | Orc:2    | Found a roughly hewn altar of Beogh.
  8965 | Orc:2    | Found Xinysk Kydai's Book Boutique.
  8975 | Orc:2    | Found Roedocog's General Store.
  8984 | Orc:2    | Bought a scroll of magic mapping for 56 gold pieces
  8993 | Orc:2    | Found Upeuc's Antique Armour Boutique.
  9009 | Orc:2    | Found Uvoppoq's Antique Weapon Boutique.
  9023 | Orc:2    | Found a staircase to the Elven Halls.
  9063 | Orc:2    | Bought an ichor-stained chain mail for 209 gold pieces
  9063 | Orc:2    | Bought an embroidered cloak for 165 gold pieces
  9090 | Orc:2    | Identified the +10 chain mail of Yggogot {SInv} (You bought it in a shop on level 2 of the Orcish Mines)
  9100 | Orc:2    | Identified the +1 scale mail of Pleasant Breezes {*Corrode rC+ Stlth+} (Okawaru gifted it to you on level 2 of the Orcish Mines)
  9110 | Orc:2    | Identified the +0 ring mail of the Saviour {+Inv +Fly rF+ rCorr} (Okawaru gifted it to you on level 15 of the Dungeon)
  9184 | Orc:2    | Noticed an orc warlord
  9191 | Orc:2    | Noticed an orc warlord
  9212 | Orc:2    | Killed an orc warlord
  9217 | Orc:2    | Killed an orc warlord
  9259 | Orc:2    | Noticed an orc warlord
  9269 | Orc:2    | Received a gift from Okawaru
  9285 | Orc:2    | Killed an orc warlord
  9285 | Orc:2    | Reached XP level 15. HP: 44/132 MP: 20/24
  9496 | Orc:2    | Found Utum's Gadget Shoppe.
  9554 | Elf:1    | Entered Level 1 of the Elven Halls
  9583 | Elf:1    | Reached skill level 22 in Axes
  9586 | Elf:1    | HP: 6/132 [ice beast[a deep elf mage] (3)]
  9586 | Elf:1    | Slain by an ice beast

Skill      XL: |  1  2  3  4  5  6  7  8  9 10 11 12 13 14 15 |
---------------+----------------------------------------------+-----
Axes           | 3 4 5 6 7 11 14 17 18 19 20 21 22 | 22.0
Fighting       | 4 5 6 7 9 10 11 12 | 12.0
Invocations    | 1 2 3 4 5 6 7 9 10 12 | 12.4
Armour         | 4 5 7 8 9 11 | 11.2
Dodging        | 1 3 5 6 |  6.5
Shields        | |  3.2

Action                   |  1- 3 |  4- 6 |  7- 9 | 10-12 | 13-15 || total
-------------------------+-------+-------+-------+-------+-------++-------
Melee: War axe           |    59 |    74 |   157 |       |       ||   290
       Punch             |       |       |     3 |       |       ||     3
       Battleaxe         |       |       |    29 |   457 |   555 ||  1041
Throw: Throwing net      |       |       |       |     7 |       ||     7
Invok: Heroism           |       |     2 |    13 |    32 |    23 ||    70
       Finesse           |       |       |       |     4 |     8 ||    12
Evoke: Wand              |       |       |    16 |     9 |     3 ||    28
  Use: Scroll            |       |     2 |     6 |     7 |    13 ||    28
       Potion            |       |     1 |     1 |     9 |     8 ||    19
 Stab: Held in net/web   |       |       |       |    10 |       ||    10
       Distracted        |       |       |       |     1 |       ||     1
       Sleeping          |       |       |       |       |     2 ||     2
  Eat: Chunk             |       |     2 |     6 |     5 |    12 ||    25
       Royal jelly       |       |       |       |     2 |       ||     2
       Fruit             |       |       |       |     1 |       ||     1
       Bread ration      |       |       |       |     1 |       ||     1
Armor: Scale mail        |    44 |    45 |     2 |       |       ||    91
       Chain mail        |       |       |    95 |     9 |    42 ||   146
       Skin              |       |       |     7 |    16 |       ||    23
       Troll leather arm |       |       |       |   128 |    41 ||   169
       Plate armour      |       |       |       |       |    55 ||    55
Dodge: Dodged            |    24 |    44 |    59 |   219 |   222 ||   568
Block: Shield            |     9 |       |       |       |       ||     9
